 Dungeon Crawl Stone Soup version 0.30-b1-2-g02819fbbbe (webtiles) character file.

Game seed: 9235554740304053539

17826 LLlMATKO the Fighter (level 12, -8/168 HPs)
             Began as a Minotaur Berserker on July 18, 2023.
             Was a High Priest of Trog.
             Mangled by a very large slime creature (21 damage)
             ... on level 13 of the Dungeon on July 22, 2023.
             The game lasted 00:14:39 (13871 turns).

LLlMATKO the Fighter (Minotaur Berserker)          Turns: 13871, Time: 00:14:39

Health: -8/168     AC: 22    Str: 28    XL:     12   Next: 22%
Magic:  0/11       EV: 12    Int:  4    God:    Trog [*****.]
Gold:   903        SH:  6    Dex: 15    Spells: 11/11 levels left

rFire   . . .        P - +1 war axe (heavy)
rCold   . . .        K - +0 buckler
rNeg    . . .        M - +0 plate armour
rPois   +            O - +2 hat
rElec   .            w - +1 cloak
rCorr   .            Q - +0 pair of gloves
SInv    .            C - +0 pair of boots
Will    .....        J - amulet of guardian spirit Stlth
                     m - +6 ring of dexterity
HPRegen 0.48/turn    E - ring of poison resistance
MPRegen 0.12/turn

%: guardian spirit
@: berserking, studying Fighting, very quick
A: horns 2, retaliatory headbutt
a: Renounce Religion, Berserk, Trog's Hand, Brothers in Arms


You were on level 13 of the Dungeon.
You worshipped Trog.
Trog was extremely pleased with you.
You visited 1 branch of the dungeon, and saw 13 of its levels.
You also visited: Bailey.

You collected 903 gold pieces.

Inventory:

Hand Weapons
 h - a +0 halberd of flaming
 y - a +3 hand axe of electrocution
 P - a +1 heavy war axe (weapon)
 Z - a +0 executioner's axe of flaming
Missiles
 p - 29 poisoned darts (quivered)
 q - 12 javelins
 u - 3 throwing nets
 H - 6 silver javelins
Armour
 w - a +1 cloak (worn)
 C - a +0 pair of boots (worn)
 K - a +0 buckler (worn)
 M - a +0 plate armour (worn)
 O - a +2 hat (worn)
 Q - a +0 pair of gloves (worn)
Jewellery
 c - a ring of protection from cold
 l - a ring of fire
 m - a +6 ring of dexterity (left hand)
 x - a ring of protection from cold
 E - a ring of poison resistance (right hand)
 J - an amulet of guardian spirit (around neck)
Wands
 g - a wand of flame (52)
 I - a wand of quicksilver (14)
 N - a wand of roots (11)
 Y - a wand of polymorph (4)
Scrolls
 b - 7 scrolls of enchant armour
 i - 2 scrolls of immolation
 j - 4 scrolls of vulnerability
 k - 7 scrolls of teleportation
 n - 7 scrolls of enchant weapon
 o - 5 scrolls of identify
 D - 2 scrolls of butterflies
 L - a scroll of fear
 R - 2 scrolls of poison
Potions
 a - 2 potions of degeneration {unknown}
 d - 2 potions of ambrosia {unknown}
 e - 2 potions of might {unknown}
 f - 6 potions of attraction {unknown}
 r - a potion of magic {unknown}
 s - a potion of flight {unknown}
 t - a potion of berserk rage {unknown}
 v - 8 potions of heal wounds
 z - 2 potions of invisibility {unknown}
 A - 2 potions of curing {unknown}
 B - 2 potions of lignification {unknown}
 F - a potion of experience {unknown}
 G - 2 potions of resistance {unknown}
 U - a potion of haste {unknown}
 V - 3 potions of mutation {unknown}


   Skills:
 + Level 12.1 Fighting
 + Level 12.0 Axes
 + Level 11.7 Armour
 + Level 10.7 Dodging
 + Level 8.0 Shields


You had 11 spell levels left.
You didn't know any spells.
Your spell library was empty.

Dungeon Overview and Level Annotations

Branches:
Dungeon (13/15)            Temple (0/1) D:7            Lair (0/5) D:9
    Orc (0/2) D:10         Bailey (visited)
 Vaults: D:13-14

Altars:
Ashenzari
Cheibriados
Gozag
Hepliaklqana
Nemelex Xobeh
Okawaru
Sif Muna
Trog
Uskayaw
Vehumet
Yredelemnul
Zin

Shops:
D:8 *   D:9 =[?[:


Innate Abilities, Weirdness & Mutations

You have a pair of horns on your head.
You reflexively headbutt those who attack you in melee.


Message History

The meliai mumbles some strange prayers to its god against you.
Something smites you!
* * * LOW HITPOINT WARNING * * *
The very large slime creature hits you but does no damage.
You block the meliai's attack.
The meliai stings you but does no damage.
The meliai closely misses you. You furiously retaliate!
You headbutt the meliai!
You kill the meliai!
Trog accepts your kill.
Your Shields skill increases to level 8!
You slice the two-headed ogre!!
The two-headed ogre is severely wounded.
You slice the very large slime creature!!
You barely miss the meliai. The meliai misses you.
The meliai stings you but does no damage.
You block the two-headed ogre's attack. The two-headed ogre barely misses you.
The very large slime creature hits you!!
* * * LOW HITPOINT WARNING * * *
You barely miss the two-headed ogre.
Your headbutt misses the two-headed ogre.
The two-headed ogre is severely wounded.
You slash the meliai!
You slash the very large slime creature!
The meliai hits you with a +0 hand axe!
* * * LOW HITPOINT WARNING * * *
The meliai stings you but does no damage.
You block the meliai's attack.
The meliai stings you but does no damage.
You block the very large slime creature's attack.
You dice the two-headed ogre like an onion!!!
You kill the two-headed ogre!
Trog accepts your kill.
You closely miss the meliai.
You barely miss the very large slime creature.
The meliai closely misses you. You block the meliai's attack.
The meliai hits you but does no damage.
The meliai stings you but does no damage.
The very large slime creature hits you!!
You die...

,,,,,,* *,,,****** *,,* *,,,
,,,*,,* #...# ***,,***,,,
~,,*,,***** #...# *,,,,,,,,*,
,,*,,,,,,,* #...# *,*,,*,***,
,~*,,,,,,.####...######.*,,,,,**,
,,,,,,,,,...............,,,,,,,,,
,,*,,,,,,..............<,,,,,,,,,
~,*,,,,,,......)yJ......,,,,,,,,,
*,*,,,,,,,***#.)@#****,**,,,,**,*
*,,,,,,,,,***#.#.### *,**,*,***,*
****,*******..###..# *,**,*,***,*
*,,,,,,...#.#.#.# *,,,,,,,,,,,
*,,***##..#...#># ***,**,**,**
*,,**,........#.# *,**,**,**
*,,**,#.......#.# *,**,,,,**
****,,**.#...###.#.# *,**,**,,,
,,,,,,,,......(....#####.**,,,,,,


You could see a very large slime creature and a meliai.

Vanquished Creatures
  Snorg (D:10)
  A boulder beetle (D:11)
  A two-headed ogre (D:13)
  Urug (D:12)
  Nergalle (D:11)
  An orc knight (Bailey)
  Pikel (D:5)
  A deep elf pyromancer (D:12)
  3 ugly things
  A cyclops (D:12)
  A manticore (D:12)
  Joseph (D:8)
  2 unseen horrors (D:12)
  A troll (D:13)
  2 meliai (D:13)
  A slime creature (D:13)
  A centaur simulacrum (D:12)
  Sigmund (D:4)
  A wraith (D:9)
  3 shadows
  A vampire (D:11)
  2 wyverns
  6 yaks (D:10)
  3 steam dragons
  4 vampire mosquitoes (D:11)
  2 acid dragons
  3 water moccasins
  13 orc warriors
  An ice beast (D:8)
  A black bear (D:6)
  2 sky beasts
  5 phantoms
  4 centaurs
  3 ogres
  A lemure (D:5)
  Blork the orc (D:4)
  5 bullfrogs
  2 kobold brigands (D:11)
  A gnoll sergeant (D:8)
  24 wights
  A troll zombie (D:10)
  19 killer bees
  4 howler monkeys
  A gnoll bouda (D:8)
  2 hounds (D:5)
  12 orc priests
  2 jellies
  Ijyb (D:4)
  4 iguanas
  2 sleepcaps (D:5)
  12 orc wizards
  Natasha (thrice) (D:3)
  5 ogre zombies (D:10)
  8 gnolls
  4 adders
  A shadow imp (D:6)
  A white imp (D:7)
  An ufetubus (D:6)
  4 worms
  2 dart slugs
  63 orcs
  6 ball pythons
  7 bats
  3 endoplasms
  3 giant cockroaches
  8 goblins
  8 hobgoblins
  10 jackals
  17 kobolds
  2 quokkas (D:1)
  3 frilled lizards
  A goblin skeleton (D:10)
  A goblin zombie (D:10)
  3 hobgoblin zombies (D:10)
  2 orc skeletons (D:10)
  12 orc zombies (D:10)
  7 rats
  A spectral goblin (D:12)
356 creatures vanquished.

Vanquished Creatures (others)
  A wizard (D:10)
  A gnoll (D:8)
  5 toadstools (D:1)
7 creatures vanquished.

Grand Total: 363 creatures vanquished

Notes
Turn   | Place    | Note
-------+----------+-------------------------------------------
     0 | D:1      | LLlMATKO the Minotaur Berserker began the quest for the
                  | Orb.
     0 | D:1      | Reached XP level 1. HP: 19/19 MP: 0/0
   114 | D:1      | Reached XP level 2. HP: 25/27 MP: 1/1
   605 | D:1      | Reached ** piety under Trog
  1450 | D:2      | Reached XP level 3. HP: 23/33 MP: 2/2
  1628 | D:2      | Found a faded altar of an unknown god.
  2019 | D:3      | Noticed Natasha
  2028 | D:3      | Killed Natasha
  2029 | D:3      | Reached XP level 4. HP: 15/41 MP: 3/3
  2527 | D:3      | Noticed Natasha
  2537 | D:3      | Killed Natasha
  2941 | D:3      | Noticed Natasha
  2949 | D:3      | Killed Natasha
  2950 | D:3      | Reached XP level 5. HP: 33/47 MP: 4/4
  3648 | D:4      | Noticed Ijyb
  3658 | D:4      | Killed Ijyb
  3704 | D:4      | Noticed a phantom
  3712 | D:4      | Killed a phantom
  3713 | D:4      | Reached skill level 5 in Fighting
  3713 | D:4      | Reached skill level 5 in Axes
  3714 | D:4      | Reached XP level 6. HP: 56/56 MP: 5/5
  3760 | D:4      | Noticed Sigmund
  3770 | D:4      | Killed Sigmund
  3856 | D:4      | Noticed Blork the orc
  3865 | D:4      | Killed Blork the orc
  3866 | D:4      | Reached skill level 5 in Armour
  3866 | D:4      | Reached XP level 7. HP: 62/62 MP: 6/6
  4772 | D:4      | Reached skill level 5 in Dodging
  4938 | D:5      | Entered Level 5 of the Dungeon
  5104 | D:5      | Reached XP level 8. HP: 66/71 MP: 7/7
  5161 | D:5      | Identified the +7 flail of Premature Burial {freeze, Dex+3}
  5196 | D:5      | Found a shimmering blue altar of Sif Muna.
  5253 | D:5      | Reached *** piety under Trog
  5463 | D:5      | Found a radiant altar of Vehumet.
  5794 | D:5      | Noticed Pikel
  5805 | D:5      | Killed Pikel
  6169 | D:6      | Found an opulent altar of Gozag.
  6500 | D:6      | Reached XP level 9. HP: 81/81 MP: 8/8
  6994 | D:7      | Reached **** piety under Trog
  7501 | D:7      | Identified the +3 chain mail "Ratt" {Regen+}
  7575 | D:7      | Found a staircase to the Ecumenical Temple.
  7748 | D:7      | Reached skill level 1 in Shields
  7906 | D:7      | Found a hide-covered altar of Uskayaw.
  7906 | D:7      | Found an iron altar of Okawaru.
  7907 | D:7      | Found a snail-covered altar of Cheibriados.
  8236 | D:8      | Reached XP level 10. HP: 86/91 MP: 9/9
  8261 | D:8      | Found Zin's Purification Station.
  8264 | D:8      | Found a glowing silver altar of Zin.
  8395 | D:8      | Found a basalt altar of Yredelemnul.
  8633 | D:8      | Noticed Joseph
  8650 | D:8      | Killed Joseph
  9157 | D:9      | Found Olakka's Antique Armour Shop.
  9194 | D:9      | Found a broken altar of Ashenzari.
  9200 | D:9      | Reached ***** piety under Trog
  9294 | D:9      | Found a sparkling altar of Nemelex Xobeh.
  9384 | D:9      | Found Gemmiurph's Armour Shoppe.
  9389 | D:9      | Found Asched's Magic Scroll Shop.
  9390 | D:9      | Found Javumubi's Jewellery Shop.
  9512 | D:9      | Reached skill level 10 in Axes
  9561 | D:9      | Found a staircase to the Lair.
  9595 | D:9      | Reached skill level 10 in Fighting
  9672 | D:9      | Found Wuubuff's Book Boutique.
 10026 | D:10     | Entered Level 10 of the Dungeon
 10134 | D:10     | Found a staircase to the Orcish Mines.
 10152 | D:10     | Reached skill level 10 in Armour
 10190 | D:10     | Reached skill level 5 in Shields
 10209 | D:10     | Found a flagged portal.
 10219 | Bailey   | Entered a bailey
 10449 | Bailey   | Noticed an orc knight
 10461 | Bailey   | Reached XP level 11. HP: 70/101 MP: 5/10
 10467 | Bailey   | Killed an orc knight
 10834 | D:10     | Noticed Snorg
 10866 | D:10     | Killed Snorg
 11371 | D:10     | Found a bloodstained altar of Trog.
 11372 | D:10     | Noticed a wizard
 11377 | D:10     | Killed a wizard
 11925 | D:11     | Received a gift from Trog
 11985 | D:11     | Noticed Nergalle
 11998 | D:11     | Killed Nergalle
 11999 | D:11     | Reached skill level 10 in Dodging
 12207 | D:11     | Noticed a boulder beetle
 12228 | D:11     | Killed a boulder beetle
 12496 | D:11     | Noticed a green ugly thing
 12509 | D:11     | Killed a green ugly thing
 12957 | D:12     | Noticed a deep elf pyromancer
 12961 | D:12     | Noticed a brown ugly thing
 12965 | D:12     | Killed a deep elf pyromancer
 12966 | D:12     | Noticed a red ugly thing
 12972 | D:12     | Killed a brown ugly thing
 12982 | D:12     | Killed a red ugly thing
 12983 | D:12     | Reached XP level 12. HP: 72/111 MP: 4/11
 13116 | D:12     | Noticed Urug
 13130 | D:12     | Killed Urug
 13770 | D:12     | Found a hazy altar of Hepliaklqana.
 13776 | D:12     | Identified a scroll of acquirement
 13776 | D:12     | Acquired a manual of Fighting
 13863 | D:13     | Noticed a two-headed ogre
 13871 | D:13     | Killed a two-headed ogre
 13871 | D:13     | Mangled by a very large slime creature

Illustrated notes

Levels and vault maps discovered:
D:1:      dpeg_arrival_simpleton_c, layout_basic, minmay_gold_behind_fungi
D:2:      layout_rooms, hellmonk_ecumenical_altar_inner_sanctum,
          minmay_misc_feat_more_columns
D:3:      layout_basic, uniq_natasha
D:4:      layout_basic, uniq_blork_the_orc, uniq_sigmund, uniq_ijyb
D:5:      layout_loops_ring, mainiacjoe_overflow_alcove_1,
          general_overflow_altar, serial_glass, glass_columns_a,
          glass_columns_b, glass_columns_a, glass_columns_a, feat_on_display,
          due_unseen_surprise, minmay_strange_pillars, grunt_ministairs_1,
          kennysheep_cross_bottleneck, chequers_serial_rivers_room_b, uniq_pikel
D:6:      layout_loops_ring, kennysheep_little_box
D:7:      layout_basic, gammafunk_temple_overflow_claw,
          minmay_temple_entry_statues_pillars, chequers_serial_rivers_room_a,
          st_stairs_4
D:8:      layout_loops_cross, lemuel_tele_altar, zin_purify, uniq_joseph
D:9:      layout_basic, nemelex_spade_bored_becter, ashenzari_altar_1,
          lair_entry_dummy, serial_shops, nicolae_shop_hallway_plus, shop,
          nicolae_shop_hallway_stairs, nicolae_square_shop, shop, eino_jars
D:10:     layout_basic, trog_wizard, zombieorc1_lemuel, enter_bailey_2,
          uniq_snorg
D:11:     layout_loops_ring, uniq_nergalle
D:12:     layout_loops_ring, nicolae_hepliaklqana_monster_ancestors, uniq_urug
D:13:     layout_loops_cross, gauntlet_entry_generic, corexii_corridor_pit,
          chequers_serial_rivers_marsh

Skill      XL: |  1  2  3  4  5  6  7  8  9 10 11 12 |
---------------+-------------------------------------+-----
Fighting       | 4 5 6 7 9 10 11 12 | 12.1
Axes           | 4 5 6 7 9 10 11 12 | 12.0
Armour         | 3 4 5 6 7 8 10 11 | 11.7
Dodging        | 3 4 5 6 8 9 10 | 10.7
Shields        | 2 5 7 8 |  8.0

Action                     |  1- 3 |  4- 6 |  7- 9 | 10-12 || total
---------------------------+-------+-------+-------+-------++-------
  Melee: Hand axe          |   104 |    67 |   239 |   481 ||   891
         Headbutt          |    11 |    15 |    48 |   111 ||   185
         Punch             |       |     1 |     4 |       ||     5
         War axe           |       |       |       |    13 ||    13
  Throw: Dart              |       |       |       |     4 ||     4
 Invoke: Berserk           |     2 |     3 |     3 |    10 ||    18
         Trog's Hand       |       |       |       |     2 ||     2
    Use: Scroll            |       |       |       |    17 ||    17
 Armour: Animal skin       |    21 |       |       |       ||    21
         Ring mail         |    17 |    13 |       |       ||    30
         Chain mail        |       |     6 |    70 |       ||    76
         Plate armour      |       |       |     6 |   211 ||   217
  Dodge: Dodged            |    65 |    46 |   123 |   226 ||   460
  Block: Buckler           |       |       |     8 |   119 ||   127
